[Event "Titled Tuesday Blitz August 15 Early 2023"]
[White "Miszler, Levente"]
[Black "Molina, Roberto Junio Brito"]
[WhiteFideId "763276"]
[BlackFideId "2109450"]
[WhiteElo "2426"]
[BlackElo "2805"]
[Result "0-1"]
[Round "1"]
[TimeControl "180+1"]
[Date "2023.08.15"]
[WhiteClock "0:00:18"]
[BlackClock "0:00:31"]
[Board "71"]

1. d4 d5 2. Nf3 Nf6 3. g3 c6 4. Bg2 Bf5 5. O-O h6 6. c4 e6 7. Nc3 Nbd7 8. Nd2 Be7 9. e4 dxe4 10. Ndxe4 Nxe4 11. Nxe4 O-O 12. Be3 Nf6 13. Nc3 Rc8 14. Qe2 Qa5 15. Rfd1 Rfd8 16. Rd2 Bb4 17. a3 Bxc3 18. bxc3 Qxc3 19. Rdd1 Bg4 20. f3 Bf5 21. Bf2 Qa5 22. g4 Bg6 23. Qe5 Qc7 24. h4 Rd7 25. g5 hxg5 26. hxg5 Nh7 27. f4 Rcd8 28. Qxc7 Rxc7 29. d5 cxd5 30. cxd5 b6 31. dxe6 Rxd1+ 32. Rxd1 fxe6 33. Rd8+ Kf7 34. Bd4 Nf8 35. Be5 Rd7 36. Ra8 Bf5 37. Bc6 Rd1+ 38. Kf2 Ng6 39. Be8+ Ke7 40. Bxg6 Bxg6 41. Rxa7+ Rd7 42. Ra6 Rb7 43. Bxg7 Kd6 44. Be5+ Kd5 45. Ke3 Bf5 46. Ra8 Rh7 47. Kf2 Rh2+ 48. Kg3 Rh1 49. Kg2 Be4+ 50. Kf2 Rh2+ 51. Ke3 Bf5 52. Rd8+ Kc6 53. Rd6+ Kc5 54. Rd2 Rh3+ 55. Kf2 Be4 56. Re2 Bf5 57. Ra2 Rh2+ 58. Kg3 Rxa2 0-1


[Site "https://www.chess.com"]

[Event "Titled Tuesday Blitz August 15 Early 2023"]
[White "Mekhitarian, Krikor Sevag"]
[Black "Novikov, Evgenij"]
[WhiteFideId "2107660"]
[BlackFideId "4125380"]
[WhiteElo "2797"]
[BlackElo "2426"]
[Result "1-0"]
[Round "1"]
[TimeControl "180+1"]
[Date "2023.08.15"]
[WhiteClock "0:02:00"]
[BlackClock "0:00:31"]
[Board "72"]

1. Nf3 d6 2. d4 Nf6 3. c4 g6 4. Nc3 Bg7 5. e4 O-O 6. h3 Nc6 7. d5 Ne5 8. Nxe5 dxe5 9. Be2 e6 10. O-O exd5 11. exd5 c6 12. Be3 cxd5 13. cxd5 b6 14. Qb3 Bb7 15. Rfd1 Ne8 16. d6 Kh8 17. Rac1 f5 18. f3 Nf6 19. Nb5 f4 20. Bf2 e4 21. Nc7 exf3 22. Bxf3 Bxf3 23. Qxf3 Rc8 24. Ne6 Qd7 25. Nxf8 Rxf8 26. Rc7 Qf5 27. Bd4 1-0


[Site "https://www.chess.com"]

[Event "Titled Tuesday Blitz August 15 Early 2023"]
[White "Batsiashvili, Nino"]
[Black "Cherniaiev, Tykhon"]
[WhiteFideId "13602993"]
[BlackFideId "14182360"]
[WhiteElo "2424"]
[BlackElo "2786"]
[Result "1/2-1/2"]
[Round "1"]
[TimeControl "180+1"]
[Date "2023.08.15"]
[WhiteClock "0:01:16"]
[BlackClock "0:00:36"]
[Board "73"]

1. d4 Nf6 2. c4 e6 3. Nf3 d5 4. Nc3 Be7 5. Bf4 O-O 6. e3 c5 7. dxc5 Bxc5 8. a3 a5 9. Rc1 Nc6 10. Bg5 Be7 11. cxd5 exd5 12. Be2 h6 13. Bh4 Be6 14. O-O Rc8 15. Nd4 Nxd4 16. Qxd4 Bc5 17. Bxf6 Bxd4 18. Bxd8 Bxc3 19. Rxc3 Rxc3 20. bxc3 Rxd8 21. Rc1 Rc8 22. Kf1 Kf8 23. Ke1 Ke7 24. Kd2 Bf5 25. g4 Bd7 26. Rb1 Bc6 27. h4 Kd6 28. h5 Rc7 29. Rg1 f6 30. f4 Rf7 31. Rb1 Kc5 32. Bd3 Re7 33. Rg1 Rf7 34. Bg6 Rf8 35. Bd3 Rf7 36. Bg6 Rf8 37. Bd3 Rf7 1/2-1/2


[Site "https://www.chess.com"]

[Event "Titled Tuesday Blitz August 15 Early 2023"]
[White "Rustemov, Alexander"]
[Black "Bazilius, Augustinas"]
[WhiteFideId "4119002"]
[BlackFideId "12832251"]
[WhiteElo "2782"]
[BlackElo "2424"]
[Result "0-1"]
[Round "1"]
[TimeControl "180+1"]
[Date "2023.08.15"]
[WhiteClock "0:00:11"]
[BlackClock "0:00:46"]
[Board "74"]

1. d4 Nf6 2. c4 c5 3. d5 b5 4. cxb5 a6 5. e3 Bb7 6. Nc3 axb5 7. Bxb5 Qa5 8. a4 Nxd5 9. Bd2 Nxe3 10. Bxe3 Bxg2 11. f3 Bxh1 12. Kf2 Nc6 13. Nh3 Nd4 14. Bxd4 cxd4 15. Qxd4 Qc7 16. Rxh1 e6 17. Kg2 Bc5 18. Qg4 O-O 19. Rd1 d5 20. Nf4 Be7 21. Rd2 Bf6 22. Nce2 g6 23. h4 Qa5 24. Rd3 Qe1 25. h5 e5 26. hxg6 exf4 27. gxh7+ Kh8 28. Nxf4 Rac8 29. Qg3 Rc2+ 30. Kh3 Qh1+ 31. Kg4 Rh2 32. Rxd5 Rh4+ 33. Kf5 Bxb2 34. Bd3 Rxh7 35. Rd7 Rg8 36. Qf2 Rh5+ 37. Ke4 Re5# 0-1


[Site "https://www.chess.com"]

[Event "Titled Tuesday Blitz August 15 Early 2023"]
[White "Begunov, Konstantin"]
[Black "Schmakel, Sam"]
[WhiteFideId "4118510"]
[BlackFideId "2039311"]
[WhiteElo "2424"]
[BlackElo "2776"]
[Result "1-0"]
[Round "1"]
[TimeControl "180+1"]
[Date "2023.08.15"]
[WhiteClock "0:01:10"]
[BlackClock "0:00:00"]
[Board "75"]

1. d4 d5 2. c4 e6 3. Nc3 Be7 4. Nf3 Nf6 5. cxd5 exd5 6. Bg5 c6 7. Qc2 h6 8. Bh4 O-O 9. e3 Re8 10. Bd3 Nbd7 11. O-O Nh5 12. Bxe7 Qxe7 13. Rab1 a5 14. a3 Nhf6 15. b4 axb4 16. axb4 b5 17. Rfe1 Nb6 18. e4 Be6 19. e5 Nfd7 20. Nd2 Nc4 21. Ra1 Qxb4 22. Nb3 Ra3 23. Rxa3 Nxa3 24. Qb2 Nc4 25. Qc2 Ra8 26. f4 Na3 27. Qb2 Nc4 28. Qc2 Na3 29. Qb2 g6 30. Ra1 Nb6 31. Na2 Qe7 32. Nc5 Nac4 33. Qb1 1-0


[Site "https://www.chess.com"]

[Event "Titled Tuesday Blitz August 15 Early 2023"]
[White "Gan-Od, Sereenen"]
[Black "Gheorghiu, Calin"]
[WhiteFideId "4901304"]
[BlackFideId "1200305"]
[WhiteElo "2773"]
[BlackElo "2422"]
[Result "1-0"]
[Round "1"]
[TimeControl "180+1"]
[Date "2023.08.15"]
[WhiteClock "0:00:31"]
[BlackClock "0:00:00"]
[Board "76"]

1. c4 e6 2. Nf3 Nf6 3. g3 d5 4. Bg2 dxc4 5. O-O Be7 6. Na3 O-O 7. Nxc4 Nbd7 8. b3 c6 9. Bb2 b5 10. Nce5 Bb7 11. d4 Rc8 12. Rc1 c5 13. dxc5 Nxc5 14. Nd4 Bxg2 15. Kxg2 Qb6 16. e3 Qb7+ 17. Qf3 Qxf3+ 18. Ndxf3 Nce4 19. Nd4 a6 20. Nec6 Bc5 21. f3 Nd5 22. fxe4 Nxe3+ 23. Kg1 Bxd4 24. Bxd4 Nxf1 25. Kxf1 Kh8 26. Ke2 f6 27. Rc5 Rf7 28. Na5 Rxc5 29. Bxc5 Rc7 30. b4 Rd7 31. Nb3 Kg8 32. Be3 Kf7 33. Nc5 Rd6 34. Nd3 Rc6 35. Bc5 g6 36. e5 1-0


[Site "https://www.chess.com"]

[Event "Titled Tuesday Blitz August 15 Early 2023"]
[White "Shohat, Yotam"]
[Black "Yanchenko, Roman"]
[WhiteFideId "2813955"]
[BlackFideId "4137329"]
[WhiteElo "2421"]
[BlackElo "2773"]
[Result "1/2-1/2"]
[Round "1"]
[TimeControl "180+1"]
[Date "2023.08.15"]
[WhiteClock "0:00:04"]
[BlackClock "0:00:06"]
[Board "77"]

1. e4 e6 2. d4 d5 3. Nc3 Bb4 4. e5 Ne7 5. a3 Bxc3+ 6. bxc3 b6 7. Qg4 O-O 8. h4 Kh8 9. h5 h6 10. Rh3 Ba6 11. Bxa6 Nxa6 12. Ne2 c5 13. Qf4 Rc8 14. Rg3 Nf5 15. Rf3 Qh4 16. g4 Ne7 17. g5 Qxf4 18. Bxf4 Nf5 19. Kd2 Kh7 20. Rg1 Nb8 21. Ng3 Ne7 22. gxh6 gxh6 23. Be3 Nbc6 24. Rf6 Ng8 25. Rf4 cxd4 26. cxd4 f5 27. Ne2 Nge7 28. Rf3 Rg8 29. Rfg3 Rxg3 30. Rxg3 Na5 31. Nf4 Nc4+ 32. Kd3 Nb2+ 33. Kd2 Nc4+ 34. Kd3 Nxa3 35. Nxe6 Rg8 36. Rxg8 Nxg8 37. Nc7 Ne7 38. Bc1 Nc4 39. Nxd5 Nxe5+ 40. dxe5 Nxd5 41. Kd4 Nc7 42. c4 Kg7 43. Ba3 Kf7 44. Bd6 Ne6+ 45. Kd5 Nf4+ 46. Kc6 Ke6 47. Bf8 Nd3 48. f4 Nxf4 49. Bxh6 Nxh5 50. Kb7 a5 51. Kxb6 a4 52. Bc1 f4 53. c5 f3 54. c6 f2 55. c7 f1=Q 56. c8=Q+ Kxe5 57. Qc5+ Ke4 58. Qc6+ Ke5 59. Bb2+ Kf5 60. Qd5+ Kg4 61. Qe6+ Kg3 62. Qg6+ Kf2 63. Qf5+ Ke1 64. Bc3+ Ke2 65. Qe4+ Kf2 66. Bd4+ Kg3 67. Qg6+ Kh4 68. Qe6 Qb1+ 69. Kc6 Qc2+ 70. Bc5 Qg2+ 71. Kc7 Qg4 72. Qe1+ Qg3+ 73. Qxg3+ Kxg3 74. Kb6 Kf3 75. Kb5 Nf4 76. Kxa4 1/2-1/2


[Site "https://www.chess.com"]

[Event "Titled Tuesday Blitz August 15 Early 2023"]
[White "Flores, Diego"]
[Black "Todorovic, Bojan"]
[WhiteFideId "108049"]
[BlackFideId "917087"]
[WhiteElo "2772"]
[BlackElo "2420"]
[Result "1-0"]
[Round "1"]
[TimeControl "180+1"]
[Date "2023.08.15"]
[WhiteClock "0:01:05"]
[BlackClock "0:00:07"]
[Board "78"]

1. d4 g6 2. e4 Bg7 3. Nc3 d6 4. Bc4 e6 5. Bb3 Ne7 6. Be3 b6 7. Qd2 Bb7 8. Bh6 O-O 9. h4 Nbc6 10. h5 Bxd4 11. Nf3 Bf6 12. hxg6 hxg6 13. Qf4 Bh8 14. Qh4 Bxc3+ 15. bxc3 Ne5 16. Bg5 1-0


[Site "https://www.chess.com"]

[Event "Titled Tuesday Blitz August 15 Early 2023"]
[White "Luong Phuong Hanh"]
[Black "Wagner, Dennis"]
[WhiteFideId "12401013"]
[BlackFideId "24650684"]
[WhiteElo "2419"]
[BlackElo "2770"]
[Result "0-1"]
[Round "1"]
[TimeControl "180+1"]
[Date "2023.08.15"]
[WhiteClock "0:00:00"]
[BlackClock "0:00:13"]
[Board "79"]

1. d4 Nf6 2. Nf3 b6 3. e3 Bb7 4. Bd3 e6 5. O-O d5 6. c4 Bd6 7. Nc3 a6 8. b3 O-O 9. Bb2 Nbd7 10. Rc1 Qe7 11. Qe2 Ne4 12. Nd2 Nxd2 13. Qxd2 dxc4 14. Bxc4 f5 15. f4 b5 16. Be2 c5 17. Bf3 Bxf3 18. Rxf3 cxd4 19. exd4 Nf6 20. Re1 Qd7 21. Qe2 Rfe8 22. a4 b4 23. Nd1 Nd5 24. Qd2 Rac8 25. Nf2 Qc7 26. Nd3 Qc2 27. Re2 Qxb3 28. Nc5 Qa2 29. Nxe6 b3 30. Rf1 Rc2 31. Qa5 Rxe2 32. Qxd5 R8xe6 33. Qa8+ Kf7 34. Qb7+ Kg6 35. d5 Re7 36. Qxa6 Qxb2 37. Qxd6+ Kh5 38. g4+ fxg4 0-1


[Site "https://www.chess.com"]

[Event "Titled Tuesday Blitz August 15 Early 2023"]
[White "Kim, Yoon-Young"]
[Black "Gulkov, Igor A."]
[WhiteFideId "30908779"]
[BlackFideId "4120973"]
[WhiteElo "2768"]
[BlackElo "2418"]
[Result "0-1"]
[Round "1"]
[TimeControl "180+1"]
[Date "2023.08.15"]
[WhiteClock "0:00:00"]
[BlackClock "0:00:15"]
[Board "80"]

1. Nf3 Nf6 2. c4 e6 3. g3 d5 4. Bg2 Be7 5. O-O O-O 6. d4 c6 7. Qc2 Nbd7 8. Nbd2 b6 9. e4 dxc4 10. Nxc4 Bb7 11. Bg5 h6 12. Bxf6 Nxf6 13. Rad1 Qc7 14. Nfe5 Rfd8 15. a3 c5 16. dxc5 Qxc5 17. b4 Qc7 18. b5 Bxa3 19. Rxd8+ Rxd8 20. Nc6 Bc5 21. Nxd8 Qxd8 22. e5 Bxg2 23. Kxg2 Qd5+ 24. Kg1 Ng4 25. Qe2 Nxf2 26. Rxf2 Bxf2+ 27. Kxf2 Qxb5 28. Nd6 Qc5+ 29. Kg2 f6 30. Nc4 Qd5+ 31. Kh3 fxe5 32. Nxe5 b5 33. Qe3 a5 34. g4 b4 35. Ng6 Kf7 36. Ne5+ Kf6 37. Nd3 e5 38. Nc5 Qd4 39. Ne4+ Ke6 40. Qf3 a4 41. Kh4 b3 42. Qf5+ Ke7 43. g5 hxg5+ 44. Qxg5+ Kf7 45. Qf5+ Ke7 46. Kg5 b2 47. Kg6 a3 48. Qf7+ Kd8 49. Qf8+ Kc7 50. Qe7+ Kc6 51. Qe6+ Kb5 52. Nd6+ Kc5 53. Nb7+ Kb5 54. Nd6+ Ka4 55. Qd7+ Kb3 56. Qb5+ Ka2 57. Nc4 b1=Q+ 0-1


[Site "https://www.chess.com"]

[Event "Titled Tuesday Blitz August 15 Early 2023"]
[White "Herman, Daniel"]
[Black "Hambleton, Aman"]
[WhiteFideId "30935008"]
[BlackFideId "2606577"]
[WhiteElo "2416"]
[BlackElo "2768"]
[Result "1-0"]
[Round "1"]
[TimeControl "180+1"]
[Date "2023.08.15"]
[WhiteClock "0:00:03"]
[BlackClock "0:00:00"]
[Board "81"]

1. Nf3 d5 2. e3 c6 3. c4 Nf6 4. b3 Bf5 5. Bb2 e6 6. Nc3 h6 7. d4 Bd6 8. Bd3 O-O 9. Bxf5 exf5 10. O-O Bc7 11. cxd5 Nxd5 12. Qd3 g6 13. Rac1 Na6 14. a3 Re8 15. b4 Nxc3 16. Rxc3 Qd5 17. Rfc1 Bd6 18. Qc2 Nc7 19. Ne5 a5 20. bxa5 Nb5 21. Nd7 Bxh2+ 22. Kxh2 Qxd7 23. Rc5 Qc7+ 24. Kg1 Qxa5 25. d5 Nd6 26. Rxa5 Rxa5 27. Qc3 f6 28. Qxf6 1-0


[Site "https://www.chess.com"]

[Event "Titled Tuesday Blitz August 15 Early 2023"]
[White "Lobanov, Sergei"]
[Black "Rom, Jasper"]
[WhiteFideId "24183750"]
[BlackFideId "2023733"]
[WhiteElo "2763"]
[BlackElo "2416"]
[Result "1-0"]
[Round "1"]
[TimeControl "180+1"]
[Date "2023.08.15"]
[WhiteClock "0:00:53"]
[BlackClock "0:00:00"]
[Board "82"]

1. d4 d5 2. c4 e6 3. Nf3 c6 4. e3 Nf6 5. Bd3 dxc4 6. Bxc4 b5 7. Bd3 a6 8. a4 Bb7 9. O-O Nbd7 10. e4 c5 11. axb5 axb5 12. Rxa8 Qxa8 13. Bxb5 Bxe4 14. Nbd2 Bc6 15. Bxc6 Qxc6 16. Ne5 Nxe5 17. dxe5 Nd5 18. Nc4 Be7 19. Qg4 Kf8 20. Bd2 h5 21. Qf3 h4 22. Ra1 g6 23. h3 Kg7 24. Ra7 Ra8 25. Rxe7 Nxe7 26. Qf6+ Kf8 27. Nd6 1-0


[Site "https://www.chess.com"]

[Event "Titled Tuesday Blitz August 15 Early 2023"]
[White "Llanos, Guillermo"]
[Black "Srihari L R"]
[WhiteFideId "100358"]
[BlackFideId "46617116"]
[WhiteElo "2415"]
[BlackElo "2763"]
[Result "0-1"]
[Round "1"]
[TimeControl "180+1"]
[Date "2023.08.15"]
[WhiteClock "0:00:04"]
[BlackClock "0:00:26"]
[Board "83"]

1. b3 Nf6 2. Bb2 d6 3. d4 g6 4. g3 Bg7 5. Nf3 O-O 6. Bg2 Nc6 7. O-O e5 8. dxe5 Ng4 9. c4 Ngxe5 10. Nc3 Re8 11. Qd2 Bg4 12. h3 Bxf3 13. exf3 Nd4 14. Qd1 Nec6 15. f4 Qd7 16. Kh2 Re6 17. Qd2 Rae8 18. Rae1 Nb4 19. Rxe6 Qxe6 20. Nd5 Nxd5 21. cxd5 Qe2 22. Qxe2 Rxe2 23. Bc1 Rxa2 24. b4 Nc2 25. Bd2 Bd4 26. Kg1 Rb2 27. Rc1 Bb6 28. Bc3 Ra2 29. Kf1 Na3 30. Be1 f5 31. g4 Kf7 32. gxf5 gxf5 33. Bf3 Nc2 34. Bc3 Nd4 35. Bxd4 Bxd4 36. Rxc7+ Kg6 37. Be2 Rb2 38. Rxb7 a5 39. b5 a4 40. Rb8 a3 41. Ra8 a2 42. Bd3 Rb1+ 43. Bxb1 axb1=Q+ 0-1


[Site "https://www.chess.com"]

[Event "Titled Tuesday Blitz August 15 Early 2023"]
[White "Materia, Marco"]
[Black "jimmy-schlumpf"]
[WhiteFideId "45150451"]
[WhiteElo "2762"]
[BlackElo "2415"]
[Result "1-0"]
[Round "1"]
[TimeControl "180+1"]
[Date "2023.08.15"]
[WhiteClock "0:00:33"]
[BlackClock "0:00:38"]
[Board "84"]

1. d4 Nf6 2. c4 g6 3. Nc3 d5 4. cxd5 Nxd5 5. e4 Nxc3 6. bxc3 Bg7 7. Bc4 c5 8. Ne2 Nc6 9. Be3 O-O 10. Rc1 e6 11. O-O b6 12. Qd2 Bb7 13. Rfd1 Qe7 14. Bg5 Qc7 15. f3 Rac8 16. Qe3 Rfe8 17. h4 Na5 18. Bb5 Bc6 19. Ba6 Bb7 20. Bd3 Qc6 21. h5 Qa4 22. h6 Bf8 23. Bf6 Nc4 24. Qf4 Nb2 25. Bc2 Qa6 26. Re1 cxd4 27. Bxd4 Qa5 28. e5 Ba6 29. Ng3 Nd3 30. Bxd3 Bxd3 31. Re3 Bc4 32. Ne4 Red8 33. Nf6+ Kh8 34. Ng4 Rc7 35. Qf6+ 1-0


[Site "https://www.chess.com"]

[Event "Titled Tuesday Blitz August 15 Early 2023"]
[White "Karavade, Eesha"]
[Black "Pulpan, Jakub"]
[WhiteFideId "5012600"]
[BlackFideId "302759"]
[WhiteElo "2414"]
[BlackElo "2761"]
[Result "1-0"]
[Round "1"]
[TimeControl "180+1"]
[Date "2023.08.15"]
[WhiteClock "0:00:21"]
[BlackClock "0:00:12"]
[Board "85"]

1. d4 a6 2. e4 c6 3. Nf3 d5 4. e5 Bf5 5. c3 e6 6. Be2 c5 7. O-O Nc6 8. h3 Nge7 9. Be3 h6 10. Nbd2 Bh7 11. dxc5 Nf5 12. Bd4 Be7 13. b4 O-O 14. a4 f6 15. b5 axb5 16. axb5 Rxa1 17. Qxa1 Ncxd4 18. cxd4 Qc7 19. b6 Qb8 20. Qb2 fxe5 21. Nxe5 Qd8 22. Ra1 Bf6 23. Ndf3 Nh4 24. Nxh4 Bxe5 25. Nf3 Bb8 26. Rc1 Be4 27. c6 bxc6 28. Rxc6 Qf6 29. b7 Kh7 30. Rc8 Qf4 31. Rxf8 Qxf8 32. Ne5 Qf4 33. Bf3 Bxf3 34. Nxf3 Qe4 35. Qc1 Kg6 36. Ne5+ Kh7 37. Nd7 Bf4 38. Qa1 Qc2 39. b8=Q Bxb8 40. Nxb8 e5 41. dxe5 d4 42. Qxd4 Qb1+ 43. Kh2 Qxb8 44. Qe4+ Kg8 45. g3 Kf8 46. Qf5+ Ke7 47. e6 Qg8 48. Qc5+ Kf6 49. Qd4+ Kg6 50. Qd7 Qf8 51. Kg1 Qf5 52. Qe8+ Kh7 53. e7 Qb1+ 54. Kg2 Qb7+ 55. Kh2 Qf3 56. Qf8 1-0


[Site "https://www.chess.com"]

[Event "Titled Tuesday Blitz August 15 Early 2023"]
[White "Petkov, Momchil"]
[Black "Semenenko, Dmytry"]
[WhiteFideId "2921642"]
[BlackFideId "14118645"]
[WhiteElo "2758"]
[BlackElo "2414"]
[Result "1-0"]
[Round "1"]
[TimeControl "180+1"]
[Date "2023.08.15"]
[WhiteClock "0:01:26"]
[BlackClock "0:01:11"]
[Board "86"]

1. d4 d5 2. Nf3 Nf6 3. Bf4 c5 4. e3 Nc6 5. c3 e6 6. Nbd2 Bd6 7. Bg3 O-O 8. Bd3 b6 9. e4 dxe4 10. Nxe4 Nxe4 11. Bxe4 Bb7 12. dxc5 Bxc5 13. Qa4 Rc8 14. Rd1 Qe7 15. O-O f5 16. Bb1 Rcd8 17. Bh4 g5 18. Bxg5 Qg7 19. Bxd8 Nxd8 20. Rd7 Rf7 21. Rxd8+ Bf8 22. Kh1 e5 23. Qc4 e4 24. Ng5 Qxg5 25. Rd7 Be7 26. Rxb7 1-0


[Site "https://www.chess.com"]

[Event "Titled Tuesday Blitz August 15 Early 2023"]
[White "Bueno, Alfeu Junior Varela"]
[Black "Jaracz, Pawel"]
[WhiteFideId "2108879"]
[BlackFideId "1102222"]
[WhiteElo "2410"]
[BlackElo "2753"]
[Result "1-0"]
[Round "1"]
[TimeControl "180+1"]
[Date "2023.08.15"]
[WhiteClock "0:00:04"]
[BlackClock "0:00:00"]
[Board "87"]

1. e4 c5 2. Nc3 a6 3. g3 b5 4. Bg2 Bb7 5. f4 e6 6. d3 Nf6 7. Qe2 d5 8. exd5 Nxd5 9. Nxd5 Bxd5 10. f5 Bxg2 11. Qxg2 Qd5 12. Qxd5 exd5 13. Nf3 Nc6 14. O-O Be7 15. Re1 O-O-O 16. Bg5 Bxg5 17. Nxg5 Rd7 18. c3 h6 19. Nf3 d4 20. Ne5 Nxe5 21. Rxe5 Rc7 22. Rc1 f6 23. Re6 Rd8 24. Rxa6 Kb7 25. Re6 Rd5 26. g4 c4 27. dxc4 bxc4 28. Re4 dxc3 29. Rxc3 Rd1+ 30. Kf2 Rd2+ 31. Re2 Rd4 32. h3 h5 33. Ke3 Rcd7 34. Rec2 hxg4 35. hxg4 Rxg4 36. Rxc4 Rg3+ 37. Kf4 Rg1 38. Rb4+ Ka6 39. Rc3 Rf1+ 40. Kg3 Rxf5 41. Rc8 Ka7 42. Rc3 Ra5 43. a3 g5 44. Rc6 f5 45. Rg6 g4 46. Rg5 Rc5 47. Kf4 Rd1 48. Rg7+ Ka6 49. Rg8 1-0


[Site "https://www.chess.com"]

[Event "Titled Tuesday Blitz August 15 Early 2023"]
[White "Trost, Edvin"]
[Black "Mushini Ajay"]
[WhiteFideId "1729519"]
[BlackFideId "35066188"]
[WhiteElo "2751"]
[BlackElo "2408"]
[Result "1-0"]
[Round "1"]
[TimeControl "180+1"]
[Date "2023.08.15"]
[WhiteClock "0:00:13"]
[BlackClock "0:00:06"]
[Board "88"]

1. e4 c5 2. Nc3 e6 3. f4 a6 4. Nf3 b5 5. g3 Bb7 6. d3 b4 7. Ne2 d5 8. e5 d4 9. Bg2 h5 10. O-O Nh6 11. h3 Nd7 12. Rf2 Nb6 13. Qf1 Nf5 14. Ng5 Bxg2 15. Qxg2 Nd5 16. Qf3 Be7 17. Ne4 Nfe3 18. Bxe3 Nxe3 19. Rc1 Qd5 20. c4 bxc3 21. bxc3 O-O 22. c4 Qd7 23. Qxh5 Rab8 24. Ng5 Bxg5 25. fxg5 Rb2 26. g6 fxg6 27. Qxg6 Rxf2 28. Kxf2 Qc6 29. Rg1 Rxa2 30. g4 Qd7 31. Rb1 Qf7+ 32. Qxf7+ Kxf7 33. Rb7+ Kg6 34. Kf3 Nf1 35. Nf4+ Kh7 36. Nxe6 Nh2+ 37. Ke4 Re2+ 38. Kd5 Nf3 39. Rxg7+ Kh8 40. Rf7 Rxe5+ 41. Kd6 Re3 42. Nxc5 Ng5 43. Rf5 Nxh3 44. Kd5 Rg3 45. Ne6 Rxg4 46. Rh5+ Kg8 47. Rxh3 Kf7 48. Nxd4 a5 49. c5 Ke7 50. Rh4 Rxh4 51. Nf5+ Kd7 52. Nxh4 a4 53. Kc4 a3 54. Kb3 Kc7 55. Kxa3 Kc6 56. Kb4 Kd5 57. d4 Kxd4 58. c6 Kd5 59. c7 Kd6 60. c8=Q 1-0


[Site "https://www.chess.com"]

[Event "Titled Tuesday Blitz August 15 Early 2023"]
[White "Buscar, Michael"]
[Black "Stribuk, Artiom"]
[WhiteFideId "2603616"]
[BlackFideId "13515659"]
[WhiteElo "2403"]
[BlackElo "2751"]
[Result "0-1"]
[Round "1"]
[TimeControl "180+1"]
[Date "2023.08.15"]
[WhiteClock "0:00:05"]
[BlackClock "0:00:15"]
[Board "89"]

1. d4 Nf6 2. c4 c5 3. d5 b5 4. cxb5 a6 5. bxa6 g6 6. g3 Bg7 7. Bg2 d6 8. Nf3 O-O 9. O-O Nxa6 10. Nfd2 Nb4 11. Nc3 Bf5 12. e4 Bg4 13. Bf3 Bh3 14. Bg2 Bc8 15. Re1 Ba6 16. Bf1 Bxf1 17. Nxf1 Nd7 18. a3 c4 19. Ne3 Qc7 20. Nb5 Qc5 21. Nc3 Nd3 22. Re2 Rfb8 23. Rc2 Nxb2 24. Bxb2 Rxb2 25. Rxb2 Bxc3 26. Rc2 Bxa1 27. Qxa1 Rxa3 28. Qc1 c3 29. Nd1 Qa7 30. Nxc3 Ra1 31. Nb1 Nc5 32. Qb2 Qa4 33. Kg2 Qxe4+ 34. f3 Qa4 35. Nc3 Qa8 36. Ne4 Nxe4 37. fxe4 f6 38. Rc8+ Qxc8 39. Qxa1 Qc2+ 40. Kf3 Qd3+ 41. Kf4 g5+ 42. Kf5 Kf7 43. Qb1 Qf3# 0-1


[Site "https://www.chess.com"]

[Event "Titled Tuesday Blitz August 15 Early 2023"]
[White "KorolDimitriy75"]
[Black "Badmatsyrenov, Oleg"]
[BlackFideId "24115762"]
[WhiteElo "2403"]
[BlackElo "2743"]
[Result "0-1"]
[Round "1"]
[TimeControl "180+1"]
[Date "2023.08.15"]
[WhiteClock "0:00:00"]
[BlackClock "0:00:31"]
[Board "91"]

1. d4 Nf6 2. c4 b6 3. Nc3 Bb7 4. Qc2 Nc6 5. Nf3 Nb4 6. Qd1 e6 7. Bg5 Be7 8. e3 Ne4 9. Bxe7 Qxe7 10. Be2 O-O 11. O-O Nxc3 12. bxc3 Nc6 13. Rb1 d6 14. Nd2 Na5 15. Nb3 Nxb3 16. axb3 a5 17. Bf3 d5 18. cxd5 Bxd5 19. c4 Bxf3 20. Qxf3 Ra7 21. Rfc1 Rb8 22. g3 h6 23. Kg2 Rd8 24. h4 e5 25. d5 Qc5 26. Qf5 Re8 27. e4 Raa8 28. h5 Qd6 29. Rc3 Re7 30. Rbc1 Qc5 31. Rf3 a4 32. bxa4 Rxa4 33. Qc8+ Kh7 34. Qf5+ g6 35. hxg6+ fxg6 36. Qf8 Rg7 37. Qxc5 bxc5 38. Rf6 Ra2 39. Rc6 Rf7 40. Rf1 Re2 41. Rxc5 Rxe4 42. Rc6 Re2 43. Kg1 e4 44. Re6 Kg7 45. Re5 g5 46. Re6 h5 47. Kg2 Rf6 48. Re5 Kg6 49. Kg1 Rf7 50. Re6+ Kf5 51. Re8 Kg4 52. Kg2 Rf3 53. Re5 Rxg3+ 54. Kh2 Rh3+ 55. Kg2 Rg3+ 56. Kh2 h4 0-1


[Site "https://www.chess.com"]

[Event "Titled Tuesday Blitz August 15 Early 2023"]
[White "Kosteniuk, Alexandra"]
[Black "Lorenzo De La Riva, Lazaro"]
[WhiteFideId "4128125"]
[BlackFideId "2268809"]
[WhiteElo "2740"]
[BlackElo "2402"]
[Result "1-0"]
[Round "1"]
[TimeControl "180+1"]
[Date "2023.08.15"]
[WhiteClock "0:00:15"]
[BlackClock "0:00:00"]
[Board "92"]

1. Nf3 Nf6 2. g3 d5 3. Bg2 e6 4. O-O h6 5. c4 Bd6 6. d4 O-O 7. c5 Be7 8. Nc3 b6 9. Be3 a5 10. cxb6 cxb6 11. Qd2 Nbd7 12. h3 Ba6 13. Rfc1 Bb4 14. Qd1 Rc8 15. Nd2 Bd6 16. Nf1 b5 17. Bf4 Be7 18. g4 Nb6 19. e3 Qd7 20. Ng3 b4 21. Nce2 Nc4 22. b3 Na3 23. Bf3 Rxc1 24. Rxc1 Rc8 25. Kh2 Rc6 26. Be5 Qc8 27. Rxc6 Qxc6 28. Nh5 Nxh5 29. gxh5 f6 30. Bg3 Qc2 31. Qxc2 Nxc2 32. Nf4 Kf7 33. Bg4 f5 34. Bd1 Ne1 35. Ng6 Nd3 36. Be2 Nc5 37. dxc5 Bxe2 38. c6 Ba6 39. Bc7 a4 40. bxa4 Bf6 41. Bd6 Bc3 42. Kg2 Ke8 43. Nf4 Bc8 44. Nd3 Ba6 45. Nc5 1-0


[Site "https://www.chess.com"]

[Event "Titled Tuesday Blitz August 15 Early 2023"]
[White "Namitbir Singh Walia"]
[Black "Gritsenko, Nikolai"]
[WhiteFideId "35071068"]
[BlackFideId "14112493"]
[WhiteElo "2402"]
[BlackElo "2737"]
[Result "0-1"]
[Round "1"]
[TimeControl "180+1"]
[Date "2023.08.15"]
[WhiteClock "0:00:02"]
[BlackClock "0:00:35"]
[Board "93"]

1. e4 d6 2. d4 Nf6 3. Nc3 g6 4. Nf3 Bg7 5. Bf4 Bg4 6. Qd2 Bxf3 7. gxf3 Nc6 8. O-O-O e5 9. dxe5 dxe5 10. Qxd8+ Rxd8 11. Rxd8+ Kxd8 12. Be3 Nd4 13. Be2 Nxe2+ 14. Nxe2 Kc8 15. Rd1 a6 16. c4 Rd8 17. Rxd8+ Kxd8 18. Nc3 c6 19. b4 Nd7 20. Kc2 Bf8 21. Kb3 Be7 22. Na4 Kc7 23. Nc5 Bxc5 24. Bxc5 b5 25. Be3 Kd8 26. a4 Ke7 27. axb5 axb5 28. c5 Ke6 29. Kc3 f5 30. Bg5 Nf6 31. Bxf6 Kxf6 32. h4 fxe4 33. fxe4 g5 34. hxg5+ Kxg5 35. Kd3 Kf4 0-1


[Site "https://www.chess.com"]

[Event "Titled Tuesday Blitz August 15 Early 2023"]
[White "Weetik, Vjacheslav"]
[Black "Hoffmann, Asa"]
[WhiteFideId "4153472"]
[BlackFideId "2001470"]
[WhiteElo "2733"]
[BlackElo "2400"]
[Result "1-0"]
[Round "1"]
[TimeControl "180+1"]
[Date "2023.08.15"]
[WhiteClock "0:00:10"]
[BlackClock "0:01:09"]
[Board "94"]

1. d4 Nf6 2. c4 c5 3. d5 e5 4. Nc3 d6 5. e4 Be7 6. h3 Nbd7 7. Be3 Nf8 8. g3 Ng6 9. Bg2 O-O 10. Nge2 Ne8 11. h4 f5 12. exf5 Bxf5 13. Be4 Qd7 14. Qc2 a6 15. a4 b6 16. Bxf5 Rxf5 17. Ne4 h6 18. N2c3 Rf7 19. Ng5 Bxg5 20. hxg5 Nf8 21. gxh6 gxh6 22. Rxh6 Qf5 23. Qxf5 Rxf5 24. Ne4 Kg7 25. Nxd6 Nxd6 26. Rxd6 Rf6 27. Rxf6 Kxf6 28. a5 bxa5 29. Bxc5 Nd7 30. Rxa5 Rb8 31. Rxa6+ Kf5 32. b4 e4 33. Be3 Ne5 34. c5 Rxb4 35. c6 Rc4 36. Kd2 Nf7 37. Ra7 Nd6 38. Rd7 Nb5 39. Bf4 Rd4+ 40. Kc2 Rc4+ 41. Kb3 Rd4 42. c7 Nxc7 43. Bxc7 e3 44. fxe3 Rd3+ 45. Kc4 Rxe3 46. Bf4 Re4+ 47. Kc5 Re2 48. Rf7+ Kg6 49. Rf8 Kg7 50. Ra8 Rc2+ 51. Kd6 Rc3 52. Re8 Rd3 53. Re7+ Kf6 54. Re6+ Kf5 55. Re5+ Kf6 56. Re8 Kf7 57. Rb8 Rd1 58. Be5 Kg6 59. Rf8 Rd2 60. Ke6 Rd3 61. d6 Rd2 62. d7 1-0


[Site "https://www.chess.com"]